 Dungeon Sprint DCSS version 0.27-a0-577-ge2a43ba0c9 (webtiles) character file.

Game seed: 15193739832827239417

501 rocky1 the Insei (level 7, -7/50 HPs)
             Began as an Octopode Transmuter on Mar 10, 2021.
             Was an Elder of Sif Muna.
             Mangled by a flayed ghost (17 damage)
             ... in the Dungeon (Sprint VII: "The Pits").
             The game lasted 00:06:14 (1744 turns).

rocky1 the Insei (Octopode Transmuter)              Turns: 1744, Time: 00:06:14

Health: -7/50      AC:  2    Str: 10    XL:     7   Next: 17%
Magic:  13/15      EV: 23    Int: 17    God:    Sif Muna [****..]
Gold:   0          SH:  0    Dex: 17    Spells: 6/16 levels left

rFire    . . .     SeeInvis .     - Unarmed
rCold    . . .     Faith    .   (shield currently unavailable)
rNeg     . . .     Spirit   .   (helmet currently unavailable)
rPois    x         Reflect  .   (no amulet)
rElec    .         Harm     .   (no ring)
rCorr    .         Rampage  .   (no ring)
Will     .....     NoTele   +   (no ring)
Stlth    +++.......             (no ring)
HPRegen  0.16/turn              (no ring)
MPRegen  0.14/turn              (no ring)
                                (no ring)
                                (no ring)

@: spider-form, flayed
A: tiny, almost no armour, (amphibious), 8 rings, (constrict 8)
a: End Transformation, Renounce Religion, Channel Magic, Forget Spell, Divine
Exegesis


You were in the Dungeon.
You worshipped Sif Muna.
Sif Muna was greatly pleased with you.
You were a venomous arachnid creature.
You visited 1 branch

Inventory:

Hand Weapons
 j - a +2 long sword of holy wrath
 k - a +1 quarterstaff of protection
Scrolls
 g - a scroll of blinking
 h - 5 scrolls of amnesia
 i - a scroll of summoning
Potions
 a - 2 potions of invisibility
 b - 6 potions of curing
 c - 3 potions of heal wounds
 d - a potion of haste
 e - 4 potions of magic
 f - 2 potions of berserk rage


   Skills:
 + Level 5.5 Fighting
 + Level 5.8 Dodging
 + Level 5.7 Stealth
 + Level 6.3 Unarmed Combat
 + Level 5.4 Spellcasting
 + Level 5.8 Transmutations
 + Level 3.8 Ice Magic
 + Level 4.7 Poison Magic
 + Level 4.2 Invocations


You had 6 spell levels left.
You knew the following spells:

 Your Spells              Type           Power      Damage    Failure   Level
a - Beastly Appendage     Tmut           48%        N/A       6%          1
b - Wereblood             Tmut           24%        N/A       8%          2
c - Spider Form           Tmut/Pois      11%        N/A       14%         3
d - Ice Form              Ice/Tmut       21%        N/A       38%         4

Your spell library contained the following spells:

 Spells                   Type           Power      Damage    Failure   Level
 Blade Hands              Tmut           12%        N/A       56%         5


Dungeon Overview and Level Annotations

Branches:
Dungeon (1/1)

Altars:
Ashenzari
Cheibriados
Dithmenos
Elyvilon
Fedhas
Gozag
Hepliaklqana
Kikubaaqudgha
Makhleb
Nemelex Xobeh
Okawaru
Qazlal
Ru
Sif Muna
Trog
Uskayaw
Vehumet
Wu Jian
Xom
Yredelemnul
Zin
The Shining One
Beogh
Jiyva
Lugonu


Innate Abilities, Weirdness & Mutations

You cannot wear most types of armour.
((You are amphibious.))
You can wear up to eight rings at the same time.
((You can use your tentacles to constrict eight enemies at once.))
((Your skin changes colour to match your surroundings (Stealth+).))
((Your rubbery body absorbs attacks. (AC +1, EV +1)))
((You are stealthy while swimming. (Stealth+)))


Message History

You start waiting.
Done waiting.
Casting: Beastly Appendage (safe; 1% risk of failure)
Confirm with . or Enter, or press ? or * to list all spells.
Okay, then.
Casting: Beastly Appendage (safe; 1% risk of failure)
Confirm with . or Enter, or press ? or * to list all spells.
You turn into a venomous arachnid creature.
You open the door.
A giant cockroach comes into view.
You bite the giant cockroach!
You kill the giant cockroach!
Sif Muna accepts your kill.
There is an open door here.
You see here a giant cockroach corpse.
You open the door.
A flayed ghost comes into view.
There is an open door here.
The helpless flayed ghost fails to defend itself.
You bite the flayed ghost!
The flayed ghost is lightly damaged.
The flayed ghost closely misses you.
You hit the flayed ghost.
The flayed ghost is lightly damaged.
The flayed ghost cries, "Suffer as I suffered!"
Terrible wounds open up all over your body!
You closely miss the flayed ghost.
The flayed ghost is lightly damaged.
The flayed ghost closely misses you.
You closely miss the flayed ghost.
The flayed ghost is lightly damaged.
You bite the flayed ghost!
The flayed ghost is moderately damaged.
The flayed ghost hits you!!
Ouch! That really hurt!
* * * LOW HITPOINT WARNING * * *
You bite the flayed ghost!
The flayed ghost is heavily damaged.
The flayed ghost hits you!
You die...

#.#..[))...##.......#
#)#..[).)..##.......#
#'###########.......#
#.......# #########
#..#.#..# #.##.##.#
#.......#+#
#.##.##.#W+
#..#.#..#s#
#.......†.#
###########


You could see a flayed ghost.

Vanquished Creatures
  2 ice beasts (D)
  A phantom (D)
  A kobold brigand (D)
  A scorpion (D)
  A hound (D)
  2 worker ants (D)
  A gnoll (D)
  A river rat (D)
  An adder (D)
  An ooze (D)
  An adder zombie (D)
  An adder skeleton (D)
  A giant cockroach (D)
  A hobgoblin (D)
  A quokka (D)
17 creatures vanquished.

Notes
Turn   | Place    | Note
-------+----------+-------------------------------------------
     0 | D        | rocky1 the Octopode Transmuter began the quest for the Orb.
     0 | D        | Reached XP level 1. HP: 13/13 MP: 3/3
    19 | D        | Reached XP level 2. HP: 17/19 MP: 2/5
   151 | D        | Found a bloodstained altar of Trog.
   151 | D        | Found a shimmering blue altar of Sif Muna.
   151 | D        | Found a viscous altar of Jiyva.
   151 | D        | Found a hazy altar of Hepliaklqana.
   151 | D        | Found an opulent altar of Gozag.
   152 | D        | Found a glowing golden altar of the Shining One.
   152 | D        | Found a glowing silver altar of Zin.
   152 | D        | Found a basalt altar of Yredelemnul.
   152 | D        | Found a shimmering altar of Xom.
   152 | D        | Found an ornate altar of the Wu Jian Council.
   152 | D        | Found a sacrificial altar of Ru.
   152 | D        | Found a stormy altar of Qazlal.
   152 | D        | Found an iron altar of Okawaru.
   152 | D        | Found a sparkling altar of Nemelex Xobeh.
   152 | D        | Found a burning altar of Makhleb.
   152 | D        | Found a blossoming altar of Fedhas.
   152 | D        | Found a white marble altar of Elyvilon.
   152 | D        | Found a shadowy altar of Dithmenos.
   152 | D        | Found a snail-covered altar of Cheibriados.
   155 | D        | Found a corrupted altar of Lugonu.
   155 | D        | Found a radiant altar of Vehumet.
   156 | D        | Found an ancient bone altar of Kikubaaqudgha.
   156 | D        | Found a hide-covered altar of Uskayaw.
   156 | D        | Found a broken altar of Ashenzari.
   157 | D        | Became a worshipper of Sif Muna the Loreminder
   209 | D        | Reached skill level 4 in Unarmed Combat
   209 | D        | Reached XP level 3. HP: 25/25 MP: 5/7
   211 | D        | Reached * piety under Sif Muna
   532 | D        | Reached ** piety under Sif Muna
   533 | D        | Reached XP level 4. HP: 5/33 MP: 6/9
   887 | D        | Learned a level 2 spell: Wereblood
   891 | D        | Learned a level 3 spell: Spider Form
   896 | D        | Learned a level 4 spell: Ice Form
   905 | D        | Reached skill level 1 in Stealth
   905 | D        | Reached skill level 1 in Poison Magic
  1083 | D        | Reached skill level 1 in Invocations
  1085 | D        | Reached skill level 5 in Unarmed Combat
  1085 | D        | Reached skill level 1 in Ice Magic
  1085 | D        | Reached XP level 5. HP: 29/37 MP: 9/11
  1205 | D        | Noticed a kobold brigand
  1218 | D        | Noticed an ice beast
  1218 | D        | Noticed a phantom
  1234 | D        | Killed an ice beast
  1234 | D        | Reached *** piety under Sif Muna
  1241 | D        | Killed a kobold brigand
  1242 | D        | Reached skill level 5 in Dodging
  1242 | D        | Reached skill level 5 in Transmutations
  1242 | D        | Reached XP level 6. HP: 33/45 MP: 10/13
  1334 | D        | Noticed an ice beast
  1344 | D        | Killed an ice beast
  1345 | D        | Reached skill level 5 in Fighting
  1345 | D        | Reached skill level 5 in Stealth
  1345 | D        | Reached skill level 6 in Unarmed Combat
  1345 | D        | Reached skill level 5 in Spellcasting
  1367 | D        | Reached **** piety under Sif Muna
  1368 | D        | Reached XP level 7. HP: 8/50 MP: 13/15
  1737 | D        | Noticed a flayed ghost
  1744 | D        | Mangled by a flayed ghost

Illustrated notes

Levels and vault maps discovered:
D:        pitsprint [storerooms_1, entrance_room_1, metal_vault_7, armoury_2,
          mini_pit_1, grid_room_1, main_hall_1, silver_pit, the_coven_1,
          the_vestibule_1, steel_vault_2, golden_pit, hallway_of_sentries,
          crystal_vault_1, iron_vault_5, final_vault]

Skill      XL: |  1  2  3  4  5  6 |
---------------+-------------------+-----
Fighting       | 2 3 4 5 |  5.5
Dodging        | 3 4 5 |  5.8
Unarmed Combat | 4 5 6 |  6.3
Spellcasting   | 3 4 5 |  5.4
Transmutations | 3 4 5 |  5.8
Stealth        | 1 4 5 |  5.7
Poison Magic   | 1 3 4 |  4.7
Invocations    | 1 3 4 |  4.2
Ice Magic      | 1 2 3 |  3.8

Action                   |  1- 3 |  4- 6 |  7- 9 || total
-------------------------+-------+-------+-------++-------
Melee: Unarmed           |    25 |    57 |     7 ||    89
       Tentacles         |     9 |     6 |       ||    15
       Constrict         |     5 |     3 |       ||     8
       Kick              |     7 |     5 |       ||    12
       Punch             |     1 |     2 |       ||     3
 Cast: Beastly Appendage |     4 |     3 |       ||     7
       Spider Form       |       |     2 |     1 ||     3
  Use: Potion            |     2 |     2 |       ||     4
 Stab: Sleeping          |     2 |     1 |     1 ||     4
Armor: Skin              |       |     1 |       ||     1
Dodge: Dodged            |    17 |    29 |     2 ||    48

Table legend: (Time is in decaauts)
 A = Elapsed time spent in this place.
 B = Non-inter-level travel time spent in this place.
 C = Inter-level travel time spent in this place.
 D = Time resting spent in this place.
 E = Time spent auto-exploring this place.
 F = Levels seen in this place.
 G = Mean time per level.
                   A        B        C        D        E       F      G
               +--------+--------+--------+--------+--------+-----+--------+
         Total |   1742 |   1742 |      0 |   1438 |      0 |   1 | 1742.0 |
       Dungeon |   1742 |   1742 |      0 |   1438 |      0 |   1 | 1742.0 |
               +--------+--------+--------+--------+--------+-----+--------+

Top non-repeatable levels by time:
       D: 1742 daAuts
